Unix NetHack Version 5.0.0-0 post-release - last build May 23 2026 06:08:33 (1c0ff79ee797540d5714e4e18072db0edd9e58ae,branch:main).

Game began 2026-05-27 02:26:31, ended 2026-05-27 02:39:53.

CyberFan, chaotic female human Rogue

                                           ----------           -----
                                        ###-........|            ...
                                        #  |........|            >..
                                        #  |........|             i
                                        #  |........|             )
                   -------------        #  -----|----             i
  ------------     |...........-#########       #                 @
  |..........|    #............|                #                 #
  |........<.|    #|...........|                #           #######
  |..........|    #-------------                #           #
  |..........|  ###                             ###        ##
  |..........-###                              ---[--      #
  |..........|                                 |....|     -.----
  ------------                                 |....|  ###..`..|
                                               |....|###  |....|
                                               |....-#    |....|
                                               ------     |....|
                                                          ------

CyberFan the Cutpurse   St:16 Dx:17 Co:12 In:13 Wi:9 Ch:8  Chaotic
Dlvl:5  $:73 HP:0(28) Pw:18(18) AC:4  Xp:4/125 T:2168  Hungry  

Latest messages:
 You throw 2 daggers named ammo.
 The 1st dagger named ammo hits the imp.
 The 2nd dagger named ammo misses the imp.
 The imp hits!
 You hit the imp!
 The imp hits!
 You miss the imp.
 The imp misses!
 "Up thy nose with a rubber hose!"
 You miss the imp.
 The imp hits!
 You miss the imp.
 The imp hits!
 "Mercy!  Dost thou wish me to die of laughter?"
 You miss the imp.
 The imp hits!
 In what direction?
 You throw 2 daggers named ammo.
 The 1st dagger named ammo misses the imp.
 The 2nd dagger named ammo hits the imp.
 The imp hits!
 You swap places with your kitten.
 You hear some noises.
 You hear some noises in the distance.
 You hear some noises.
 You hear some noises in the distance.
 You stop waiting.
 In what direction?
 The dagger named ammo hits the imp!
 The imp hits!
 In what direction?
 The dagger named ammo hits the imp.
 The imp hits!
 "Hast thou been drinking, or art thou always so clumsy?"
 You miss the imp.
 The imp hits!
 The imp hits!
 The imp hits!
 #
 What do you want to write with? [- abhrx or ?*]
 You write in the dust with your fingertip.
 The imp turns to flee.
 You are beginning to feel hungry.
 h - 2 uncursed +0 daggers named ammo (at the ready) (5 in total).
 In what direction?
 The dagger named ammo hits the manes.
 The manes hits!
 The manes hits again!
 The manes bites!
 You die...

Inventory:
 Coins    ('$')
  $ - 73 gold pieces
 Amulets  ('"')
  v - an uncursed amulet of unchanging (being worn)
 Weapons  (')')
  b - an uncursed +0 dagger named ammo (alternate weapon; not wielded)
  h - 4 uncursed +0 daggers named ammo (at the ready)
  r - a cursed -2 dagger
  a - an uncursed +0 short sword (weapon in right hand)
 Armor    ('[')
  o - an uncursed +0 orcish helm (being worn)
  z - an uncursed +0 pair of iron shoes (being worn)
  c - an uncursed +1 leather armor (being worn)
 Comestibles  ('%')
  p - an uncursed pancake
  m - an uncursed lichen corpse
 Potions  ('!')
  u - an uncursed potion of fruit juice
  y - an uncursed potion of hallucination
  s - 2 blessed potions of healing
  k - 3 uncursed potions of healing
  d - an uncursed potion of sickness
  i - an uncursed potion of speed
  j - an uncursed potion of water
 Wands    ('/')
  x - an uncursed wand of digging (0:4)
 Tools    ('(')
  f - an empty uncursed sack
  e - an uncursed lock pick
  g - an uncursed stethoscope

CyberFan the Rogue's attributes:

Background:
 You were a Cutpurse, a level 4 female human Rogue.
 You were chaotic, nominally on a mission for Kos
 who was opposed by Issek (lawful) and Mog (neutral).
 You were right-handed.
 You were in the Dungeons of Doom, on level 5.
 You entered the dungeon 2168 turns ago.
 It was nighttime.
 You had 125 experience points, 35 more were needed to attain level 5.

Basics:
 You had 0 out of 28 hit points.
 You had all 18 energy points (spell power).
 Your armor class was 4.
 Your wallet contained 73 zorkmids.
 Autopickup was on for '$%?!"=/*' plus thrown, with exceptions.

Final Characteristics:
 Your strength was 16 (limit:18/100).
 Your dexterity was 17 (limit:18).
 Your constitution was 12 (limit:18).
 Your intelligence was 13 (limit:18).
 Your wisdom was 9 (limit:18).
 Your charisma was 8 (limit:18).

Final Status:
 You were hungry.
 You were unencumbered.
 You were wielding a short sword.
 You had basic skill with short sword.

Final Attributes:
 You were devoutly aligned.
 You were telepathic.
 You were stealthy.
 You were warded.
 You couldn't change from your current form.
 You are dead.

Miscellaneous:
 You disabled loading and storing of bones levels.
 Total elapsed playing time was 13 minutes and 21 seconds.

Major events:
 Turn
    1: CyberFan the chaotic female human Rogue entered the dungeon
 1103: entered the Gnomish Mines
 1266: attained the rank of Cutpurse (level 3)
 2168: killed by a manes

You didn't know any spells.

Skills:
 Fighting Skills
   bare handed combat [Unskilled]
   two weapon combat  [Unskilled]
   riding             [Unskilled]
 Weapon Skills
   dagger             [Basic]
   knife              [Unskilled]
   short sword        [Basic]
   broadsword         [Unskilled]
   long sword         [Unskilled]
   two-handed sword   [Unskilled]
   saber              [Unskilled]
   club               [Unskilled]
   mace               [Unskilled]
   morning star       [Unskilled]
   flail              [Unskilled]
   hammer             [Unskilled]
   polearms           [Unskilled]
   spear              [Unskilled]
   crossbow           [Unskilled]
   dart               [Unskilled]
   shuriken           [Unskilled]
 Spellcasting Skills
   divination spells  [Unskilled]
   escape spells      [Unskilled]
   matter spells      [Unskilled]

Voluntary challenges:
 Character rerolling was not enabled.
 You were an atheist.
 You never genocided any monsters.
 You never polymorphed an object.
 You never changed form.
 You used no wishes.
Achievements:
 You entered a shop.
 You entered the Gnomish Mines.
 You attained the rank of Cutpurse.

 The Dungeons of Doom: levels 1 to 5
    Level 1:
       A fountain, a grave.
    Level 2:
       An armor shop.
    Level 3:
       A general store, a fountain.
       Stairs down to The Gnomish Mines.
    Level 4:
       Many fountains, a grave.
    Level 5: <- You were here.
       Final resting place for
          you, killed by a manes.
 The Gnomish Mines:
    Level 4:


Vanquished creatures:
  2 floating eyes
  a kobold shaman
  a hill orc
  3 rothes
  a giant bat
  a monkey
  a hobbit
  a brown mold
  a green mold
  2 gnomes
  2 geckos
  a jackal
  2 kobolds
  a goblin
  2 sewer rats
  3 grid bugs
  2 lichens
  a kobold zombie
  7 newts
35 creatures vanquished.

No species were genocided or became extinct.

Game over:
                       ----------
                      /          \
                     /    REST    \
                    /      IN      \
                   /     PEACE      \
                  /                  \
                  |     CyberFan     |
                  |      73 Au       |
                  |   killed by a    |
                  |      manes       |
                  |                  |
                  |                  |
                  |       2026       |
                 *|     *  *  *      | *
        _________)/\\_//(\/(/\)/\//\/|_)_______

Goodbye CyberFan the Rogue...

You died in The Dungeons of Doom on dungeon level 5 with 766 points,
and 73 pieces of gold, after 2168 moves.
You were level 4 with a maximum of 28 hit points when you died.

